 Dungeon Crawl Stone Soup version 0.31-a0-750-gfe7b580527 (webtiles) character file.

Game seed: 10119828747007093278

1078 thriggle the Trooper (level 8, -14/67 HPs)
             Began as a Gnoll Wanderer on June 23, 2022.
             Was a Follower of Uskayaw.
             Demolished by Menkaure (21 damage)
             ... in an ossuary on Sept 14, 2023.
             The game lasted 00:22:15 (4723 turns).

thriggle the Trooper (Gnoll Wanderer)               Turns: 4723, Time: 00:22:15

Health: -14/67     AC:  9    Str: 14    XL:     8   Next: 29%
Magic:  8/14       EV: 12    Int:  8    God:    Uskayaw [*.....]
Gold:   212        SH:  0    Dex: 11    Spells: 15/15 levels left

rFire   + . .        o - +0 flail (protect)
rCold   . . .        (no shield)
rNeg    . . .        w - +3 leather armour
rPois   +            (no helmet)
rElec   .            (no cloak)
rCorr   .            x - +1 pair of gloves
SInv    .            (no boots)
Will    .....        (no amulet)
Stlth   ++           m - ring of poison resistance
HPRegen 0.31/turn    n - ring of protection from fire
MPRegen 0.14/turn

%: no passive effects
@: about to teleport
A: fangs 1, strong nose, distributed training, talons 1, dopey 1, weak 1
a: Renounce Religion, Stomp


You were in an ossuary.
You worshipped Uskayaw.
Uskayaw was noncommittal.
You visited 1 branch of the dungeon, and saw 5 of its levels.
You also visited: Ossuary.

You collected 212 gold pieces.

Inventory:

Hand Weapons
 a - a +2 shortbow
 d - a +0 dagger
 h - a +0 great mace
 i - a +0 spear
 j - a +0 trident
 l - a +0 glaive
 o - a +0 flail of protection (weapon)
 p - a +0 battleaxe
Missiles
 c - 22 poisoned darts (quivered)
 g - 69 stones
 A - a boomerang of dispersal
 B - 4 atropa-tipped darts
Armour
 f - a +0 leather armour
 k - a +0 scale mail
 w - a +3 leather armour (worn)
 x - a +1 pair of gloves (worn)
 y - a +0 chain mail
Jewellery
 m - a ring of poison resistance (left hand)
 n - a ring of protection from fire (right hand)
Wands
 v - a wand of iceblast (13)
Scrolls
 r - a scroll of teleportation
 s - a scroll of identify
Potions
 e - 2 potions of attraction
 q - a potion of enlightenment


   Skills:
 + Level 7.3 Fighting
 + Level 3.1 Short Blades
 + Level 3.1 Long Blades
 + Level 3.1 Axes
 + Level 3.1 Maces & Flails
 + Level 3.1 Polearms
 + Level 3.1 Staves
 + Level 5.6 Ranged Weapons
 + Level 4.1 Throwing
 + Level 5.6 Armour
 + Level 3.1 Dodging
 + Level 3.1 Stealth
 + Level 3.1 Shields
 + Level 3.1 Unarmed Combat
 + Level 4.3 Spellcasting
 + Level 2.5 Conjurations
 + Level 2.5 Hexes
 + Level 2.5 Summonings
 + Level 2.5 Necromancy
 + Level 2.5 Translocations
 + Level 2.5 Transmutations
 + Level 2.5 Fire Magic
 + Level 2.5 Ice Magic
 + Level 2.5 Air Magic
 + Level 2.5 Earth Magic
 + Level 2.5 Poison Magic
 + Level 3.5 Invocations
 + Level 4.1 Evocations
 + Level 2.8 Shapeshifting


You had 15 spell levels left.
You didn't know any spells.
Your spell library contained the following spells:

 Spells                   Type           Power      Damage    Failure   Level
 Summon Forest            Summ/Tloc      2%         N/A       98%         5
 Summon Mana Viper        Hex/Summ       5%         N/A       98%         5
 Summon Cactus Giant      Summ           2%         N/A       100%        6


Dungeon Overview and Level Annotations

Branches:
Dungeon (5/15)            Ossuary (1/1)
 Temple: D:4-7

Altars:
Hepliaklqana
Uskayaw

Annotations:
Ossuary Menkaure


Innate Abilities, Weirdness & Mutations

You have very sharp teeth.
Your uncanny sense of smell can sniff out nearby items.
Your experience applies equally to all skills.
You have sharp toenails.
You are dopey. (Int -2)
You are weak. (Str -2)


Message History

You throw a javelin. The javelin pierces through the mummy.
The mummy is heavily damaged.
The javelin barely misses Menkaure.
You thump the mummy!
You destroy the mummy!
You can now pass through a line of other dancers.
You completely miss Menkaure. Your kick misses Menkaure.
Menkaure hits you but does no damage.
You barely miss Menkaure. Your kick misses Menkaure.
Menkaure barely misses you.
You stomp with the beat, sending a shockwave through the revellers around you!
Menkaure is moderately damaged.
The mummy is severely damaged.
You can no longer pass through a line of other dancers.
You hit the mummy.
Your weapon exudes an aura of protection.
You destroy the mummy!
Menkaure misses you.
You can now pass through a line of other dancers.
You hit Menkaure. You claw Menkaure, but do no damage.
Menkaure is heavily damaged.
Menkaure hits you but does no damage. The mummy hits you but does no damage.
You barely miss Menkaure. Your punch misses Menkaure.
Your bite misses Menkaure.
Menkaure is heavily damaged.
Menkaure calls on the powers of darkness!
Your body is wracked with pain!
Aiming: Line Pass
Press: ? - help, Dir - move target, p - Menkaure Menkaure appears confused.
You can no longer pass through a line of other dancers.
Menkaure wonders, "What am I doing in here?"
Menkaure hits you!
* * * LOW HITPOINT WARNING * * *
As you read the scroll of teleportation, it crumbles to dust.
You feel strangely unstable. The mummy hits you but does no damage.
You barely miss the mummy. You claw the mummy.
The mummy is lightly damaged.
Menkaure seems less confused.
Menkaure hits you!!
You die...

#..########..?$M$?. ########..
#..'.'....#..!?M!?. #....'.#..
#..#.#....#..M?!?.. #....#.#..
#..#.#....#..M..... #....#.'..
#..###....#(....... #....###..
#..'.######(##############.#..
#..#.#....#....#....#....'.#..
#..#.#....#.MM.#....#....#.'..
#..###....#.M@.#....#....###..
#..'.#....#....#....#....#.#..
#..#.#'#####'#####'#######.#..
#..#...#...#...#...#...#...#..
#..#####'###'###'###'###'###..
#.............................
#∩...........................∩
##############################


You could see Menkaure and 2 mummies.

Vanquished Creatures
  An ogre (D:4)
  2 phantoms (D:5)
  2 elf zombies (Ossuary)
  3 centaur zombies (Ossuary)
  2 orc priests
  An iguana (D:4)
  Natasha (twice) (D:2)
  4 orc wizards
  2 ogre zombies (Ossuary)
  4 mummies (Ossuary)
  6 adders
  9 gnolls
  An ufetubus (D:5)
  4 adder zombies (Ossuary)
  2 worms
  4 dart slugs
  14 orcs
  4 endoplasms
  6 giant cockroaches
  7 goblins
  5 hobgoblins
  3 jackals (D:2)
  4 quokkas
  7 ball pythons
  6 frilled lizards
  4 goblin zombies
  7 hobgoblin zombies (Ossuary)
  9 kobolds
  4 kobold zombies (Ossuary)
  4 quokka zombies (Ossuary)
  5 rats
  2 rat zombies (Ossuary)
140 creatures vanquished.

Notes
Turn   | Place    | Note
-------+----------+-------------------------------------------
     0 | D:1      | thriggle the Gnoll Wanderer began the quest for the Orb.
     0 | D:1      | thriggle set off with the following items: a +2 shortbow, a
                  | potion of lignification, 14 poisoned darts, a +0 dagger, a
                  | potion of attraction, a +0 leather armour.
     0 | D:1      | Reached XP level 1. HP: 23/23 MP: 4/4
   413 | D:1      | Reached XP level 2. HP: 29/29 MP: 5/5
   495 | D:1      | Found a faded altar of an unknown god.
   509 | D:1      | Prayed at the altar of an unknown god.
   509 | D:1      | Became a worshipper of Uskayaw the Reveller
   509 | D:1      | Reached * piety under Uskayaw
   843 | D:1      | Reached XP level 3. HP: 26/35 MP: 2/7
   843 | D:1      | Reached ** piety under Uskayaw
  1000 | D:1      | Gained mutation: You occasionally lose the ability to read
                  | scrolls when taking damage. [potion of mutation]
  1000 | D:1      | Gained mutation: You are dopey. (Int -2) [potion of
                  | mutation]
  1000 | D:1      | Gained mutation: You are agile. (Dex +4, Str/Int -1)
                  | [potion of mutation]
  1108 | D:2      | Reached skill level 1 in Invocations
  1150 | D:2      | Reached skill level 1 in Short Blades
  1150 | D:2      | Reached skill level 1 in Long Blades
  1150 | D:2      | Reached skill level 1 in Axes
  1150 | D:2      | Reached skill level 1 in Maces & Flails
  1150 | D:2      | Reached skill level 1 in Polearms
  1150 | D:2      | Reached skill level 1 in Staves
  1150 | D:2      | Reached skill level 1 in Slings
  1150 | D:2      | Reached skill level 1 in Crossbows
  1150 | D:2      | Reached skill level 1 in Dodging
  1150 | D:2      | Reached skill level 1 in Stealth
  1150 | D:2      | Reached skill level 1 in Shields
  1150 | D:2      | Reached skill level 1 in Unarmed Combat
  1225 | D:2      | Noticed Natasha
  1233 | D:2      | Killed Natasha
  1234 | D:2      | Reached XP level 4. HP: 36/41 MP: 4/8
  1367 | D:2      | Noticed Natasha
  1381 | D:2      | Killed Natasha
  1382 | D:2      | Reached skill level 1 in Conjurations
  1382 | D:2      | Reached skill level 1 in Hexes
  1382 | D:2      | Reached skill level 1 in Summonings
  1382 | D:2      | Reached skill level 1 in Necromancy
  1382 | D:2      | Reached skill level 1 in Translocations
  1382 | D:2      | Reached skill level 1 in Transmutations
  1382 | D:2      | Reached skill level 1 in Fire Magic
  1382 | D:2      | Reached skill level 1 in Ice Magic
  1382 | D:2      | Reached skill level 1 in Air Magic
  1382 | D:2      | Reached skill level 1 in Earth Magic
  1382 | D:2      | Reached skill level 1 in Poison Magic
  1730 | D:2      | Reached XP level 5. HP: 42/47 MP: 9/9
  1733 | D:2      | Lost mutation: You occasionally lose the ability to read
                  | scrolls when taking damage. [potion of mutation]
  1733 | D:2      | Lost mutation: You are agile. (Dex +4, Str/Int -1) [potion
                  | of mutation]
  1733 | D:2      | Gained mutation: You are weak. (Str -2) [potion of
                  | mutation]
  1733 | D:2      | Gained mutation: You have sharp toenails. [potion of
                  | mutation]
  2948 | D:4      | Reached XP level 6. HP: 53/53 MP: 6/10
  3123 | D:4      | Reached skill level 5 in Ranged Weapons
  3123 | D:4      | Reached skill level 5 in Armour
  3609 | D:4      | Found a hazy altar of Hepliaklqana.
  3835 | D:4      | Upgraded the game from 0.29-a0-668-g12ee2bf84d to
                  | 0.31-a0-750-gfe7b580527
  3859 | D:4      | Reached skill level 7 in Fighting
  3859 | D:4      | Reached XP level 7. HP: 37/60 MP: 8/12
  3957 | D:5      | Entered Level 5 of the Dungeon
  4067 | D:5      | Found a sand-covered staircase.
  4096 | Ossuary  | Entered an ossuary
  4500 | Ossuary  | Reached XP level 8. HP: 64/67 MP: 14/14
  4703 | Ossuary  | Noticed Menkaure
  4723 | Ossuary  | Demolished by Menkaure

Illustrated notes

Levels and vault maps discovered:
D:1:      heliophobic_arrival_enchanted_forest, layout_basic,
          hellmonk_ecumenical_altar_crossroads
D:2:      layout_loops_cross, dk_noncrumbling_4, uniq_natasha
D:3:      layout_rooms, minivault_11, bh_walls_and_bars
D:4:      layout_rooms, nicolae_hepliaklqana_hippocampus, grunt_decor_arrowhead
D:5:      layout_basic, enter_ossuary_4, kennysheep_generic_room_3
Ossuary:  ossuary_boxes_badplayer

Skill      XL: |  1  2  3  4  5  6  7  8 |
---------------+-------------------------+-----
Invocations    | 1 2 3 |  3.5
Short Blades   | 1 2 3 |  3.1
Long Blades    | 1 2 3 |  3.1
Axes           | 1 2 3 |  3.1
Maces & Flails | 1 2 3 |  3.1
Polearms       | 1 2 3 |  3.1
Staves         | 1 2 3 |  3.1
Slings         | 1 3 |  0.0
Crossbows      | 1 3 |  0.0
Dodging        | 1 2 3 |  3.1
Stealth        | 1 2 3 |  3.1
Shields        | 1 2 3 |  3.1
Unarmed Combat | 1 2 3 |  3.1
Spellcasting   | 3 4 |  4.3
Conjurations   | 1 2 |  2.5
Hexes          | 1 2 |  2.5
Summonings     | 1 2 |  2.5
Necromancy     | 1 2 |  2.5
Translocations | 1 2 |  2.5
Transmutations | 1 2 |  2.5
Fire Magic     | 1 2 |  2.5
Ice Magic      | 1 2 |  2.5
Air Magic      | 1 2 |  2.5
Earth Magic    | 1 2 |  2.5
Poison Magic   | 1 2 |  2.5
Throwing       | 3 4 |  4.1
Evocations     | 3 4 |  4.1
Ranged Weapons | 5 |  5.6
Armour         | 5 |  5.6
Fighting       | 7 |  7.3
Shapeshifting  | 2 |  2.8

Action                     |  1- 3 |  4- 6 |  7- 9 || total
---------------------------+-------+-------+-------++-------
  Melee: Dagger            |    13 |       |       ||    13
         Bite              |     2 |     9 |    17 ||    28
         Flail             |    10 |   158 |   176 ||   344
         Kick              |       |    29 |    55 ||    84
         Punch             |       |     1 |     5 ||     6
   Fire: Shortbow          |    41 |    12 |       ||    53
  Throw: Stone             |     1 |       |     5 ||     6
         Dart              |       |     4 |       ||     4
         Javelin           |       |       |     3 ||     3
 Invoke: Stomp             |     5 |    15 |     4 ||    24
         Line Pass         |       |     2 |     2 ||     4
  Evoke: Wand              |       |     1 |       ||     1
    Use: Potion            |     3 |     3 |       ||     6
         Scroll            |     1 |     2 |     2 ||     5
   Stab: Sleeping          |       |     2 |     9 ||    11
 Armour: Leather armour    |    13 |   122 |   180 ||   315
         Skin              |       |     9 |       ||     9
  Dodge: Dodged            |    16 |   120 |   136 ||   272

Table legend: (Time is in decaauts)
 A = Elapsed time spent in this place.
 B = Non-inter-level travel time spent in this place.
 C = Inter-level travel time spent in this place.
 D = Time resting spent in this place.
 E = Time spent auto-exploring this place.
 F = Levels seen in this place.
 G = Mean time per level.
                   A        B        C        D        E       F      G
               +--------+--------+--------+--------+--------+-----+--------+
         Total |   4827 |   4759 |     68 |    638 |   2220 |   6 |  804.5 |
       Dungeon |   4169 |   4101 |     68 |    505 |   2220 |   5 |  833.8 |
       Ossuary |    658 |    658 |      0 |    133 |      0 |   1 |  658.0 |
               +--------+--------+--------+--------+--------+-----+--------+

Top non-repeatable levels by time:
     D:4: 1075 daAuts
     D:3: 1030 daAuts
     D:1: 1010 daAuts
     D:2: 900 daAuts
 Ossuary: 658 daAuts
     D:5: 152 daAuts
